AoeStats
← FDAGZ

Arabia

508161217Analyzed
2v2 RM · 12d ago on Sep 21, 2026· 64m 22s· 4 players
Game mode
Random Map
Map size
Medium (4 player)
Population
200
Speed
Normal
Resources
Standard
Victory
Conquest
Starting age
Dark Age
Ending age
Imperial Age
RankedLock teamsTeams togetherTeam positionsShared explorationLock speedFull tech treeHidden civsTurbo modeCheats
Victory
Defeat
🇨🇴 Ethiopians · Colombia
862
+19
🇨🇴 Goths · Colombia
843
+19
🇩🇿 Persians · Algeria
923
-19
🇫🇷 Vietnamese · France
918
-19
Niger Trigger
9:57 Feudal Age
18:51 Scale Barding Armor
18:57 Forging
20:42 Double-Bit Axe
21:25 Horse Collar
23:00 Bloodlines
25:27 Castle Age
27:08 Chain Barding Armor
27:24 Iron Casting
27:43 Husbandry
33:18 Padded Archer Armor
33:09 Fletching
33:53 Elite Skirmisher
35:25 Bow Saw
36:35 Leather Archer Armor
38:05 Gold Mining
38:05 Stone Mining
38:49 Bodkin Arrow
41:39 Thumb Ring
45:21 Imperial Age
42:23 Pikeman
44:56 Squires
47:16 Ring Archer Armor
48:15 Chemistry
47:33 Imperial Skirmisher
51:48 Cavalier
53:29 Savar
Jubi
11:44 Feudal Age
12:42 Double-Bit Axe
12:43 Horse Collar
13:52 Wheelbarrow
19:19 Castle Age
19:44 Crossbowman
21:43 Elite Skirmisher
25:47 Stone Mining
27:05 Bow Saw
29:52 Hand Cart
30:18 Loom
31:51 Gold Mining
35:01 Stone Shaft Mining
37:57 Light Cavalry
39:57 Husbandry
40:11 Bloodlines
45:55 Forging
45:51 Scale Barding Armor
47:18 Iron Casting
50:19 Imperial Age
49:35 Thumb Ring
49:25 Fletching
49:35 Padded Archer Armor
49:57 Scale Mail Armor
50:17 Chain Barding Armor
50:47 Bodkin Arrow
51:07 Leather Archer Armor
50:27 Imperial Skirmisher
51:26 Imperial Skirmisher
53:47 Two-Man Saw
53:02 Heavy Plow
54:29 Bracer
56:06 Ring Archer Armor
58:45 Chemistry
58:06 Ballistics
58:11 Paper Money
57:31 Cavalier
63:09 Treadmill Crane
slim Shady1318
5:25 Loom
12:49 Feudal Age
13:21 Double-Bit Axe
13:19 Horse Collar
13:39 Man-at-Arms
15:36 Scale Mail Armor
15:50 Town Watch
18:28 Forging
27:07 Castle Age
28:36 Bow Saw
28:30 Heavy Plow
29:04 Squires
28:24 Long Swordsman
29:16 Pikeman
29:44 Elite Skirmisher
31:40 Stone Mining
33:35 Fervor
34:22 Iron Casting
36:31 Wheelbarrow
36:06 Town Patrol
36:12 Gold Mining
37:00 Stone Shaft Mining
37:27 Caravan
38:20 Hand Cart
38:57 Chain Mail Armor
38:33 Fletching
38:44 Padded Archer Armor
41:06 Anarchy
43:52 Imperial Age
45:38 Blast Furnace
44:34 Bodkin Arrow
44:55 Leather Archer Armor
45:02 Ballistics
45:42 Chemistry
45:42 Sanctity
45:59 Theocracy
45:54 Illumination
45:08 Two-Handed Swordsman
46:51 Elite Huskarl
47:52 Conscription
47:26 Halberdier
49:03 Coinage
49:09 Bracer
49:24 Perfusion
53:02 Ring Archer Armor
52:32 Bracer
FDAGZ
7:50 Loom
10:03 Feudal Age
10:36 Double-Bit Axe
12:05 Horse Collar
17:56 Wheelbarrow
17:45 Fletching
23:17 Padded Archer Armor
25:47 Castle Age
26:59 Crossbowman
27:45 Thumb Ring
28:26 Hand Cart
28:13 Bodkin Arrow
31:57 Bow Saw
32:17 Ballistics
33:07 Scale Mail Armor
33:18 Forging
33:11 Gold Mining
34:35 Squires
37:03 Stone Mining
37:49 Gold Shaft Mining
41:00 Imperial Age
39:57 Caravan
41:22 Leather Archer Armor
41:45 Iron Casting
42:47 Stone Shaft Mining
43:08 Conscription
43:02 Bracer
43:34 Halberdier
45:00 Arbalester
50:42 Chemistry
52:27 Elite Skirmisher
54:44 Torsion Engines
56:10 Ring Archer Armor
56:00 Chain Mail Armor
57:42 Elite Shotel Warrior
59:01 Plate Mail Armor
62:27 Arson
Connection lost

Rejoining the realm…

Still unreachable

The connection could not be restored.

Session expired

The server has moved on; the page needs a fresh start.